 Dungeon Sprint DCSS version 0.29-a0-613-gf2c431b9b9 (webtiles) character file.

Game seed: 14345914878429036239

6356 mhtbhm the Convoker (level 10, -1/52 HPs)
             Began as a Tengu Summoner on June 16, 2022.
             Was an Initiate of Gozag.
             Killed from afar by a lindwurm (19 damage)
             ... with a blast of flame
             ... in the Dungeon (Sprint III: "The Ten Rune Challenge").
             The game lasted 00:09:37 (2875 turns).

mhtbhm the Convoker (Tengu Summoner)                Turns: 2875, Time: 00:09:38

Health: -1/52      AC:  5    Str:  8    XL:     10   Next: 96%
Magic:  18/29      EV: 17    Int: 19    God:    Gozag
Gold:   2071       SH:  0    Dex: 18    Spells: 25/38 levels left

rFire   . . .      SeeInvis .     - Unarmed
rCold   . . .      Faith    .   (no shield)
rNeg    . . .      Spirit   .   a - +0 robe
rPois   .          Reflect  .   (helmet restricted)
rElec   .          Harm     .   f - +0 cloak
rCorr   .          Rampage  .   h - +1 pair of gloves
Will    +....      NoTele   +   (boots unavailable)
Stlth   +++.......              (no amulet)
HPRegen 0.17/turn               (no ring)
MPRegen 0.21/turn               (no ring)

@: flying quickly and evasively, quick
A: beak, talons 3, nimble flight, agile 1, strong-willed 1
a: Renounce Religion, Potion Petition, Call Merchant, Bribe Branch


You were in the Dungeon.
You worshipped Gozag.
Gozag was most pleased with you.
You visited 1 branch You collected 2625 gold pieces.
You paid 554 gold pieces to Gozag.

Inventory:

Armour
 a - a +0 robe (worn)
 f - a +0 cloak (worn)
 h - a +1 pair of gloves (worn)
Scrolls
 d - a scroll of poison {unknown}
 g - 2 scrolls of blinking
 j - a scroll of torment {unknown}
 k - 2 scrolls of identify
Potions
 b - 3 potions of magic
 c - a potion of curing
 e - a potion of haste
 i - a potion of degeneration {unknown}
 l - a potion of flight {unknown}
 m - 2 potions of mutation
 o - a potion of might
 p - a potion of berserk rage
 q - a potion of heal wounds
Miscellaneous
 n - a condenser vane


   Skills:
 + Level 1.1 Fighting
 + Level 4.3 Dodging
 + Level 5.6 Stealth
 + Level 3.4 Unarmed Combat
 + Level 14.8 Spellcasting
 + Level 4.6 Hexes
 + Level 19.4 Summonings
 + Level 10.3 Air Magic


You had 25 spell levels left.
You knew the following spells:

 Your Spells              Type           Power      Damage    Failure   Level
a - Summon Small Mammal   Summ           100%       N/A       0%          1
b - Call Imp              Summ           73%        N/A       0%          2
c - Call Canine Familiar  Summ           73%        N/A       0%          3
d - Summon Guardian Gole  Hex/Summ       56%        N/A       1%          3
e - Summon Lightning Spi  Summ/Air       63%        N/A       1%          4

Your spell library contained the following spells:

 Spells                   Type           Power      Damage    Failure   Level
 Animate Armour           Summ/Erth      100%       N/A       1%          4
 Stone Arrow              Conj/Erth      28%        3d8       14%         3
 Lehudib's Crystal Spear  Conj/Erth      7%         10d3      100%        8


Dungeon Overview and Level Annotations

Branches:
Dungeon (1/1)

Altars:
Cheibriados
Dithmenos
Elyvilon
Fedhas
Gozag
Hepliaklqana
Kikubaaqudgha
Makhleb
Nemelex Xobeh
Okawaru
Qazlal
Ru
Sif Muna
Trog
Uskayaw
Vehumet
Wu Jian
Xom
Yredelemnul
Zin
The Shining One
Beogh
Jiyva
Lugonu

Shops:
D [


Innate Abilities, Weirdness & Mutations

You have a beak for a mouth.
You have claws for feet.
Your magical nature lets you fly swiftly and evasively.
You are agile. (Dex +4, Int/Str-1)
You are strong-willed. (Will+)


Message History

The fiery explosion engulfs you!!!
Ouch! That really hurt!
* * * LOW HITPOINT WARNING * * *
You hear a roar!
Unknown command.
You start resting.
A lindwurm is nearby!
A lindwurm is nearby!
A lindwurm is nearby!
A lindwurm is nearby!
You swap places.
Your warg bites the lindwurm.
You see here 72 gold pieces.
You start resting.
Your lightning spire disappears in a puff of smoke!
A lindwurm is nearby!
Unknown command.
Casting: Call Canine Familiar (safe; 0% risk of failure)
Confirm with . or Enter, or press ? or * to list all spells.
An electric hum fills the air.
Your warg bites the lindwurm!
Press: ? - help, v - describe, . - travel The floor.
Unknown command.
Casting: Summon Lightning Spire (safe; 1% risk of failure)
Confirm with . or Enter, or press ? or * to list all spells.
A guardian golem appears, shielding your allies.
Your warg bites the lindwurm!
The lindwurm bites your lightning spire but does no damage.
The lindwurm claws your lightning spire.
The lindwurm claws your lightning spire but does no damage.
Your warg barely misses the lindwurm.
Unknown command.
The lindwurm bites your lightning spire!
The lindwurm claws your lightning spire. x2
The lindwurm breathes flames at you.
The blast of flame hits your lightning spire.
Your lightning spire resists.
The blast of flame hits you!!
You die...
Your body crumbles into a pile of gold.

5##.....#...#__#...#....#.#.#....
.#......#'###__#..)##.#9.#.##.###
#.#.....#.).#__#...'##.#.#.##.#.)
####....#___#__'...#.9.#..#..##..
▓▓▓▓▓▓▓▓▓▓▓▓▓▓▓▓▓▓▓▓▓▓▓▓▓▓▓▓▓▓
♣.....♣♣♣♣≈≈≈........≈≈≈...
♣.≈≈≈≈'♣♣'.≈≈≈≈≈≈≈≈≈≈≈≈♣♣P.
+.....#.≈...♣♣♣♣♣♣♣♣♣♣♣♣♣PP
♣♣♣♣♣♣#...@9.♣ ♣♣♣ ###+.♣♣♣
♣♣♣♣.## $ ♣♣...## $$ ♣.h8##k
♣..k.#.## ♣..♣$.##.# .....♣♣k##.#
....♣.♣...k.#


You could see a lindwurm (catching breath, ally target), a friendly guardian
golem (summoned) and a friendly lightning spire (summoned, sheltered).

Vanquished Creatures
  A spatial vortex (D)
  Crazy Yiuf (D)
  A human (D)
  An endoplasm (D)
  2 rats (D)
6 creatures vanquished.

Vanquished Creatures (collateral kills)
  Erolcha (D)
  A deep elf pyromancer (D)
  A black mamba (D)
  A cane toad (D)
  A komodo dragon (D)
  3 wandering mushrooms (D)
  3 blink frogs (D)
  A shadow (D)
  2 humans (D)
  3 redbacks (D)
  A swamp drake (D)
  3 two-headed ogres (D)
  A necrophage (D)
  A water elemental (D)
  A jelly (D)
  A wizard (D)
  A necromancer (D)
  A kobold demonologist (D)
  A rat (D)
28 creatures vanquished.

Vanquished Creatures (others)
  A black mamba (D)
  A cane toad (D)
  A rime drake (D)
  2 tyrant leeches (D)
  2 two-headed ogres (D)
  7 plants (D)
14 creatures vanquished.

Grand Total: 48 creatures vanquished

Notes
Turn   | Place    | Note
-------+----------+-------------------------------------------
     0 | D        | mhtbhm the Tengu Summoner began the quest for the Orb.
     0 | D        | Reached XP level 1. HP: 10/10 MP: 4/4
    11 | D        | Reached skill level 5 in Summonings
   103 | D        | Noticed Crazy Yiuf
   114 | D        | Killed Crazy Yiuf
   115 | D        | Reached skill level 7 in Summonings
   115 | D        | Reached XP level 2. HP: 12/15 MP: 2/7
   115 | D        | Reached XP level 3. HP: 16/19 MP: 2/8
   243 | D        | Learned a level 2 spell: Call Imp
   247 | D        | Learned a level 3 spell: Call Canine Familiar
   272 | D        | Reached skill level 8 in Summonings
   339 | D        | Gained mutation: Your system is resistant to poisons.
                  | (rPois) [potion of mutation]
   339 | D        | Gained mutation: You sometimes lose the ability to read
                  | scrolls when taking damage. [potion of mutation]
   339 | D        | Gained mutation: You are robust. (+10% HP) [potion of
                  | mutation]
   340 | D        | Lost mutation: Your system is resistant to poisons. (rPois)
                  | [potion of mutation]
   340 | D        | Lost mutation: You are robust. (+10% HP) [potion of
                  | mutation]
   340 | D        | Lost mutation: You sometimes lose the ability to read
                  | scrolls when taking damage. [potion of mutation]
   340 | D        | Gained mutation: You have hidden genetic defects. [potion
                  | of mutation]
   340 | D        | Gained mutation: Your spells are a little harder to cast,
                  | but a little more powerful. [potion of mutation]
   341 | D        | Lost mutation: Your spells are a little harder to cast, but
                  | a little more powerful. [potion of mutation]
   341 | D        | Lost mutation: You have hidden genetic defects. [potion of
                  | mutation]
   341 | D        | Gained mutation: You are strong-willed. (Will+) [potion of
                  | mutation]
   341 | D        | Gained mutation: You are partially covered in iridescent
                  | scales. (AC +2) [potion of mutation]
   341 | D        | Lost mutation: You are partially covered in iridescent
                  | scales. (AC +2) [potion of mutation]
   341 | D        | Gained mutation: You are agile. (Dex +4, Int/Str-1) [potion
                  | of mutation]
   346 | D        | Noticed a water elemental
   363 | D        | Killed a water elemental
   364 | D        | Reached skill level 1 in Unarmed Combat
   364 | D        | Reached skill level 9 in Summonings
   364 | D        | Reached XP level 4. HP: 24/24 MP: 2/11
   536 | D        | Learned a level 3 spell: Summon Guardian Golem
   560 | D        | Reached skill level 10 in Summonings
   560 | D        | Gained mutation: Your magical nature lets you fly swiftly
                  | and evasively. [Tengu growth]
   560 | D        | Reached XP level 5. HP: 28/28 MP: 2/13
   560 | D        | Noticed a shadow
   570 | D        | Killed a shadow
   571 | D        | Reached skill level 12 in Summonings
   571 | D        | Reached XP level 6. HP: 33/33 MP: 2/16
   670 | D        | Learned a level 4 spell: Summon Lightning Spire
   705 | D        | Found a blossoming altar of Fedhas.
   705 | D        | Found a stormy altar of Qazlal.
   705 | D        | Found a snail-covered altar of Cheibriados.
   705 | D        | Found a burning altar of Makhleb.
   705 | D        | Found a shimmering altar of Xom.
   706 | D        | Found a hazy altar of Hepliaklqana.
   706 | D        | Found an opulent altar of Gozag.
   706 | D        | Found a sparkling altar of Nemelex Xobeh.
   706 | D        | Found a corrupted altar of Lugonu.
   706 | D        | Found a viscous altar of Jiyva.
   706 | D        | Noticed a spatial vortex
   723 | D        | Killed a spatial vortex
   724 | D        | Reached skill level 1 in Fighting
   818 | D        | Became a worshipper of Gozag Ym Sagoz the Greedy
   841 | D        | Found a basalt altar of Yredelemnul.
   841 | D        | Found a shadowy altar of Dithmenos.
   841 | D        | Found a sacrificial altar of Ru.
   850 | D        | Reached skill level 13 in Summonings
   850 | D        | Reached skill level 1 in Air Magic
   850 | D        | Reached XP level 7. HP: 35/38 MP: 6/19
   941 | D        | Found a radiant altar of Vehumet.
   941 | D        | Found a shimmering blue altar of Sif Muna.
   941 | D        | Found an ancient bone altar of Kikubaaqudgha.
   948 | D        | Noticed a ynoxinul
  1039 | D        | Found a hide-covered altar of Uskayaw.
  1039 | D        | Found an iron altar of Okawaru.
  1039 | D        | Found a bloodstained altar of Trog.
  1039 | D        | Found an ornate altar of the Wu Jian Council.
  1039 | D        | Noticed a human
  1039 | D        | Noticed a human
  1043 | D        | Killed a human
  1044 | D        | Reached skill level 1 in Hexes
  1055 | D        | Killed a human
  1056 | D        | Reached skill level 14 in Summonings
  1186 | D        | Found a glowing silver altar of Zin.
  1186 | D        | Found a glowing golden altar of the Shining One.
  1186 | D        | Found a white marble altar of Elyvilon.
  1187 | D        | Noticed a deep elf pyromancer
  1197 | D        | Noticed a fire elemental
  1198 | D        | Killed a deep elf pyromancer
  1199 | D        | Reached skill level 10 in Spellcasting
  1199 | D        | Reached XP level 8. HP: 16/43 MP: 13/23
  1407 | D        | Reached skill level 15 in Summonings
  1650 | D        | Noticed a two-headed ogre
  1692 | D        | Killed a two-headed ogre
  1693 | D        | Reached skill level 5 in Air Magic
  1693 | D        | Reached XP level 9. HP: 47/47 MP: 9/25
  1782 | D        | Noticed Erolcha
  1785 | D        | Noticed a two-headed ogre
  1786 | D        | Killed Erolcha
  1787 | D        | Reached skill level 16 in Summonings
  1791 | D        | Killed a two-headed ogre
  2035 | D        | Reached skill level 17 in Summonings
  2088 | D        | Noticed a wandering mushroom
  2098 | D        | Killed a wandering mushroom
  2099 | D        | Noticed a wandering mushroom
  2100 | D        | Killed a wandering mushroom
  2118 | D        | Noticed a wandering mushroom
  2135 | D        | Killed a wandering mushroom
  2136 | D        | Reached XP level 10. HP: 52/52 MP: 25/28
  2156 | D        | Noticed a cane toad
  2156 | D        | Noticed a cane toad
  2170 | D        | Killed a cane toad
  2171 | D        | Reached skill level 5 in Stealth
  2180 | D        | Killed a cane toad
  2181 | D        | Reached skill level 18 in Summonings
  2571 | D        | Noticed a black mamba
  2575 | D        | Killed a black mamba
  2576 | D        | Reached skill level 19 in Summonings
  2701 | D        | Noticed a lindwurm
  2825 | D        | Reached skill level 10 in Air Magic
  2839 | D        | Noticed a black mamba
  2850 | D        | Killed a black mamba
  2875 | D        | Killed from afar by a lindwurm

Illustrated notes

Levels and vault maps discovered:
D:        dungeon_sprint_mu [sprint_mu_entry_cave, sprint_mu_temple_rooms,
          sprint_mu_d1_spiders, sprint_mu_d2_genie, sprint_mu_d3_branching,
          sprint_mu_orc_legion, sprint_mu_elf_gauntlet, sprint_mu_hive_nellie,
          sprint_mu_lair_fedhas, sprint_mu_vaults_butterflies,
          sprint_mu_slime_circle, sprint_mu_swamp_cave, sprint_mu_snake_twists,
          sprint_mu_blade_basic, sprint_mu_crypt_lich, sprint_mu_tomb_spiral,
          sprint_mu_vestibule_basic, sprint_mu_gehenna_hellfire,
          sprint_mu_dis_giant, sprint_mu_tartarus_statrot,
          sprint_mu_cocytus_islands, sprint_mu_zot1]

Skill      XL: |  1  2  3  4  5  6  7  8  9 10 |
---------------+-------------------------------+-----
Summonings     | 7 9 10 12 13 14 15 17 19 | 19.4
Dodging        | 3 4 |  4.3
Spellcasting   | 3 4 6 8 10 11 13 14 | 14.8
Unarmed Combat | 1 2 3 |  3.4
Stealth        | 3 4 5 |  5.6
Fighting       | 1 |  1.1
Air Magic      | 1 3 5 8 10 | 10.3
Hexes          | 1 2 3 4 |  4.6

Action                   |  1- 3 |  4- 6 |  7- 9 | 10-12 || total
-------------------------+-------+-------+-------+-------++-------
Melee: Unarmed           |    23 |     4 |       |     1 ||    28
       Kick              |     6 |     1 |       |       ||     7
 Cast: Summon Small Mamm |    11 |     6 |     7 |       ||    24
       Call Imp          |     3 |     3 |     3 |     2 ||    11
       Call Canine Famil |     2 |     4 |     7 |     8 ||    21
       Summon Guardian G |       |     3 |     9 |     8 ||    20
       Summon Lightning  |       |     2 |    14 |    13 ||    29
Invok: Call Merchant     |       |       |     1 |       ||     1
  Use: Potion            |     5 |       |       |       ||     5
 Stab: Sleeping          |       |       |       |     1 ||     1
Armor: Robe              |     1 |     1 |       |     1 ||     3
Dodge: Dodged            |    10 |     1 |       |     2 ||    13

Table legend: (Time is in decaauts)
 A = Elapsed time spent in this place.
 B = Non-inter-level travel time spent in this place.
 C = Inter-level travel time spent in this place.
 D = Time resting spent in this place.
 E = Time spent auto-exploring this place.
 F = Levels seen in this place.
 G = Mean time per level.
                   A        B        C        D        E       F      G
               +--------+--------+--------+--------+--------+-----+--------+
         Total |   2846 |   2846 |      0 |   1952 |     55 |   1 | 2846.0 |
       Dungeon |   2846 |   2846 |      0 |   1952 |     55 |   1 | 2846.0 |
               +--------+--------+--------+--------+--------+-----+--------+

Top non-repeatable levels by time:
       D: 2846 daAuts
